Match 40900235
Unlisted

Match 40900235
End
Construct Barracks
Mechanized Support Center
Selects Heavy Weapons
Riflemen Squad
Riflemen Squad
Riflemen Squad
Riflemen Squad
Construct Weapon Support Center
Riflemen Squad
Riflemen Squad
Selects M2HB .50cal Heavy Machine Gun
Construct Medical Station
M1918 Browning Automatic Rifles
Riflemen Squad
Bazooka Squad
Improved M9 Bazooka Rockets
Selects Gallant Stand
Selects Assault Carriers
Selects Halftrack Strongpoints
Bazooka Squad
Bazooka Squad
Bazooka Squad
Construct Tank Depot
Nathlefaucheur
[TFF] Rogue3640
Thridi
Para_Dilshan
Dreamcatcher
Lotys
0
0

Comments sign in to comment!

No comments posted yet!